 Dungeon Crawl Stone Soup version 0.26-a0-602-gd42a14c (webtiles) character file.

Game seed: 599996903586729283

22373 pkoi the Cleaver (level 12, 0/110 HPs)
             Began as a Minotaur Gladiator on Aug 31, 2020.
             Was a High Priest of Ru.
             Slain by a polar bear (10 damage)
             ... in an ice cave.
             The game lasted 00:22:14 (16151 turns).

pkoi the Cleaver (Minotaur Gladiator)              Turns: 16151, Time: 00:22:15

Health: 0/110      AC: 16    Str: 28    XL:     12   Next: 62%
Magic:  0/15       EV: 16    Int:  5    God:    Ru [*****.]
Gold:   308        SH:  0    Dex: 17    Spells: 15/16 levels left

rFire    . . .     SeeInvis .   C - +0 battleaxe (drain)
rCold    + . .     Faith    .   (shield currently unavailable)
rNeg     . . .     Spirit   +   I - +2 chain mail of Foolhardiness {rPois rF+ Dex+3}
rPois    +         Reflect  .   c - +1 hat
rElec    .         Harm     .   (no cloak)
rCorr    .                      S - +0 pair of gloves (curse)
MR       .....                  (no boots)
Stlth    ..........             L - amulet of guardian spirit
HPRegen  0.28/turn              x - +6 ring of strength
MPRegen  0.14/turn              k - ring of ice

@: no potions
A: retaliatory headbutt, horns 2, inability to drink while threatened, hated by
all, inexperienced 1
a: Sacrifice Words, Sacrifice Stealth, Sacrifice Health, Reject Sacrifices, Draw
Out Power, Power Leap, Apocalypse, Renounce Religion


You were in an ice cave.
You worshipped Ru.
Ru was extremely pleased with you.
You visited 3 branches of the dungeon, and saw 15 of its levels.
You also visited: Sewer, Gauntlet and Ice Cave.

You collected 779 gold pieces.
You spent 471 gold pieces at shops.

Inventory:

Hand Weapons
 a - a +1 war axe
 C - a +0 battleaxe of draining (weapon)
 O - a cursed +3 battleaxe
Missiles
 d - 3 throwing nets (quivered)
 f - 96 poisoned darts
 M - 4 boomerangs
Armour
 c - a +1 hat (worn)
 p - a +0 pair of gloves
 F - a +0 plate armour
 I - the +2 chain mail of Foolhardiness (worn) {rPois rF+ Dex+3}
   (You found it on level 8 of the Dungeon)

   It affects your dexterity (+3).
   It protects you from fire.
   It protects you from poison.
 N - the +0 pair of boots of Complete Protection {rF- MR+ Dex+3}
   (You bought it in a shop on level 11 of the Dungeon)

   It affects your dexterity (+3).
   It makes you vulnerable to fire.
   It affects your resistance to hostile enchantments.
 S - a cursed +0 pair of gloves (worn)
Jewellery
 k - a ring of ice (right hand)
 x - a +6 ring of strength (left hand)
 L - an amulet of guardian spirit (around neck)
 Q - an uncursed ring of wizardry
Wands
 o - a wand of acid (21)
 s - a wand of enslavement (9)
 y - a wand of polymorph (15)
 B - a wand of flame (22)
 J - a wand of digging (10)
 P - a wand of iceblast (3)
Scrolls
 b - 8 scrolls of blinking
 g - 11 scrolls of identify
 j - a scroll of remove curse
 m - 3 scrolls of enchant weapon
 u - 7 scrolls of teleportation
 v - 3 scrolls of fear
 w - 9 scrolls of amnesia
 z - 2 scrolls of enchant armour
Potions
 e - 3 potions of lignification
 h - 7 potions of curing
 i - 3 potions of flight
 l - a potion of haste
 n - 3 potions of magic
 q - 2 potions of invisibility
 r - 9 potions of might
 t - a potion of resistance
 A - 2 potions of berserk rage
 D - 3 potions of stabbing
 E - 2 potions of degeneration
 G - 3 potions of mutation
 H - a potion of ambrosia
 R - a potion of heal wounds {unknown}
Miscellaneous
 K - a lightning rod (4/4)


   Skills:
 + Level 11.3 Fighting
 + Level 12.5 Axes
 - Level 8.0 Throwing
 + Level 11.0 Armour
 + Level 10.7 Dodging
 - Level 5.3 Stealth
 + Level 2.9 Spellcasting
 + Level 3.1 Translocations


You had 15 spell levels left.
You knew the following spells:

 Your Spells              Type           Power        Failure   Level
a - Apportation           Tloc           #.....       41%         1

Your spell library contained the following spells:

 Spells                   Type           Power        Failure   Level
 Beastly Appendage        Tmut           #.....       86%         1
 Corona                   Hex            #......      86%         1
 Shock                    Conj/Air       #...         86%         1
 Swiftness                Air            #.......     94%         2
 Wereblood                Tmut           #.......     94%         2
 Spider Form              Tmut/Pois      #.........   99%         3
 Static Discharge         Conj/Air       #.......     99%         3
 Airstrike                Air            #.........   100%        4
 Ice Form                 Ice/Tmut       #.......     100%        4
 Blade Hands              Tmut           #.........   100%        5
 Lightning Bolt           Conj/Air       #.........   100%        5
 Animate Skeleton         Necr           Unusable     N/A         1
 Summon Small Mammal      Summ           Unusable     N/A         1

Dungeon Overview and Level Annotations

Branches:
Dungeon (12/15)            Temple (1/1) D:7            Lair (2/6) D:10
 Shoals (0/4) Lair:2          Orc (0/2) D:10          Sewer (visited)
  IceCv (1/1)             Gauntlet (visited)
  Snake: Lair:2-4    Spider: Lair:2-4

Altars:
Ashenzari
Cheibriados
Dithmenos
Elyvilon
Fedhas
Gozag
Hepliaklqana
Kikubaaqudgha
Makhleb
Nemelex Xobeh
Okawaru
Qazlal
Ru
Sif Muna
Trog
Uskayaw
Vehumet
Wu Jian
Xom
Yredelemnul
Zin
The Shining One

Shops:
D:5 *   D:6 *?(!   D:11 (:[(

Annotations:
Lair:1 1 runed translucent door, quinnr's ghost, journeyman DsGl


Innate Abilities, Weirdness & Mutations

You reflexively headbutt those who attack you in melee.
You have a pair of horns on your head.
You cannot drink potions while threatened.
You are hated by all.
You are somewhat inexperienced. (-2 XL)


Message History

The wolf is moderately wounded.
You completely miss the wolf. The wolf bites you but does no damage.
The wolf closely misses you. x2; You furiously retaliate!
You headbutt the wolf. The wolf bites you but does no damage.
You slash the wolf!
You kill the wolf!
You miss the wolf. The wolf barely misses you. You furiously retaliate!
You headbutt the wolf. The wolf barely misses you. You furiously retaliate!
You headbutt the wolf!
You kill the wolf!
Unknown command.
You completely miss the polar bear. You headbutt the polar bear.
The polar bear is lightly wounded.
The polar bear barely misses you. The polar bear claws you.
* * * LOW HITPOINT WARNING * * *
The polar bear misses you.
You slash the polar bear! You drain the polar bear.
The polar bear is moderately wounded.
The polar bear bites you!
You die...

####### ##### ††....####
####@h†#
.†.#.....####....#)..#
#######....#...####......
# ###....### ......
###### ..... ....# ..##
..#


You could see a polar bear (drained).

Vanquished Creatures
  A frost giant (IceCv)
  Josephine (D:10)
  A hydra (Lair:2)
  Erica (D:10)
  2 two-headed ogres
  A manticore (D:11)
  2 ice statues (IceCv)
  A centaur zombie (D:11)
  5 cane toads
  2 komodo dragons
  A troll (D:11)
  16 polar bears (IceCv)
  2 blink frogs (Lair:2)
  5 hippogriffs
  4 slime creatures (D:11)
  3 shadows (D:10)
  2 wyverns (D:9)
  Sigmund (D:2)
  20 yaks
  Grum (D:11)
  3 wraiths (D:10)
  Menkaure (D:5)
  4 vampire mosquitoes (D:10)
  2 insubstantial wisps (D:10)
  Edmund (D:5)
  2 water moccasins
  6 porcupines
  4 orc warriors
  2 sky beasts
  3 black bears
  4 ogres
  7 phantoms
  22 wolves
  9 centaurs
  3 crocodiles
  12 bullfrogs
  2 big kobolds
  A troll zombie (D:10)
  A water moccasin skeleton (D:5)
  7 scorpions
  4 killer bees (D:8)
  4 wights (D:11)
  5 howler monkeys
  3 jellies
  10 orc priests
  12 orc wizards
  A centaur skeleton (D:6)
  2 hounds
  5 iguanas
  6 worker ants
  2 killer bee zombies
  5 ogre zombies (D:10)
  A hound zombie (D:11)
  2 hound skeletons
  A howler monkey zombie (D:9)
  17 adders
  3 gnolls (D:4)
  5 river rats (Sewer)
  3 shadow imps
  5 white imps
  An ufetubus (D:6)
  An ooze (Sewer)
  4 worms
  A dart slug (D:2)
  A leopard gecko (D:3)
  35 orcs
  9 giant cockroaches
  5 goblins
  3 hobgoblins
  9 jackals
  4 quokkas
  13 ball pythons
  7 bats
  9 frilled lizards
  A goblin zombie (D:10)
  2 hobgoblin skeletons (D:10)
  3 hobgoblin zombies (D:10)
  A jackal zombie (D:6)
  16 kobolds
  3 orc skeletons (D:10)
  10 orc zombies (D:10)
  A quokka skeleton (D:9)
  27 rats
430 creatures vanquished.

Vanquished Creatures (others)
  A yak (D:11)
  A centaur skeleton (D:11)
  17 demonic plants (Gauntlet)
  4 fungi
  41 plants
64 creatures vanquished.

Grand Total: 494 creatures vanquished

Notes
Turn   | Place    | Note
-------+----------+-------------------------------------------
     0 | D:1      | pkoi the Minotaur Gladiator began the quest for the Orb.
     0 | D:1      | Reached XP level 1. HP: 18/18 MP: 0/0
    24 | D:1      | Reached skill level 4 in Axes
    43 | D:1      | Reached XP level 2. HP: 15/25 MP: 1/1
   736 | D:1      | Reached skill level 5 in Axes
   838 | D:2      | Reached XP level 3. HP: 27/30 MP: 2/2
  1272 | D:2      | Reached skill level 6 in Axes
  1272 | D:2      | Reached XP level 4. HP: 35/37 MP: 3/3
  1523 | D:2      | Found a sacrificial altar of Ru.
  1528 | D:2      | Became a worshipper of Ru the Awakened
  1574 | D:2      | Noticed Sigmund
  1599 | D:2      | Killed Sigmund
  1599 | D:2      | Reached skill level 1 in Armour
  1599 | D:2      | Reached XP level 5. HP: 13/45 MP: 4/4
  1966 | D:3      | Reached XP level 6. HP: 33/51 MP: 5/5
  2309 | D:3      | Found a snail-covered altar of Cheibriados.
  2309 | D:3      | Found a stormy altar of Qazlal.
  2494 | D:3      | Found a glowing drain.
  2540 | Sewer    | Entered a sewer
  2971 | Sewer    | Reached skill level 1 in Stealth
  3080 | Sewer    | Reached XP level 7. HP: 52/58 MP: 6/6
  3729 | D:4      | Found a shimmering altar of Xom.
  3788 | D:4      | Found a radiant altar of Vehumet.
  3889 | D:4      | Reached skill level 5 in Stealth
  3898 | D:4      | Found a shadowy altar of Dithmenos.
  3946 | D:4      | Reached XP level 8. HP: 60/66 MP: 7/7
  3947 | D:4      | Gained mutation: You cannot drink potions while threatened.
                  | [Ru sacrifice]
  3947 | D:4      | Reached * piety under Ru
  3985 | D:4      | Reached skill level 7 in Axes
  4136 | D:4      | Found an iron altar of Okawaru.
  4294 | D:5      | Entered Level 5 of the Dungeon
  4342 | D:5      | Found Ceefeu's Elemental Accessories.
  4383 | D:5      | Noticed Edmund
  4386 | D:5      | Noticed Menkaure
  4639 | D:5      | Killed Edmund
  4810 | D:5      | Killed Menkaure
  4810 | D:5      | Reached skill level 5 in Dodging
  5240 | D:5      | Reached skill level 5 in Fighting
  5432 | D:5      | Found a shimmering blue altar of Sif Muna.
  5638 | D:6      | Found a bloodstained altar of Trog.
  5688 | D:6      | Reached skill level 8 in Axes
  5688 | D:6      | Reached XP level 9. HP: 74/74 MP: 8/8
  6317 | D:6      | Found Fizud's Weapon Boutique.
  6336 | D:6      | Reached skill level 5 in Armour
  6355 | D:5      | Reached skill level 5 in Throwing
  6888 | D:6      | Found Fystan's Distillery.
  6899 | D:6      | Bought a potion of degeneration for 11 gold pieces
  6899 | D:6      | Bought a potion of mutation for 88 gold pieces
  7073 | D:6      | Found Caqil's Magic Scroll Shoppe.
  7108 | D:6      | Bought a scroll of blinking for 97 gold pieces
  7175 | D:6      | Found Upnuu's General Store.
  7259 | D:7      | Found a staircase to the Ecumenical Temple.
  7271 | Temple   | Entered the Ecumenical Temple
  7300 | Temple   | Gained mutation: You are hated by all. [Ru sacrifice]
  7300 | Temple   | Reached ** piety under Ru
  7300 | Temple   | Reached *** piety under Ru
  7353 | D:7      | Reached skill level 9 in Axes
  7572 | D:7      | Found a white marble altar of Elyvilon.
  7694 | D:7      | Got an opalescent robe
  7695 | D:7      | Identified the +2 robe of Syndicalism {-Tele rElec Regen+
                  | Int+4} (You found it on level 7 of the Dungeon)
  8221 | D:7      | Found an ancient bone altar of Kikubaaqudgha.
  8233 | D:7      | Reached XP level 10. HP: 86/86 MP: 9/9
  8914 | D:8      | Noticed a two-headed ogre
  8919 | D:8      | Killed a two-headed ogre
  8992 | D:8      | Got a fading chain mail
  8994 | D:8      | Identified the +2 chain mail of Foolhardiness {rPois rF+
                  | Dex+3} (You found it on level 8 of the Dungeon)
  9776 | D:9      | Found a hazy altar of Hepliaklqana.
 10273 | D:9      | Reached skill level 10 in Axes
 10277 | D:9      | Got a distressingly furry chain mail
 10278 | D:9      | Identified the cursed +1 chain mail of Inae {+Fly Int+4}
                  | (You found it on level 9 of the Dungeon)
 10326 | D:9      | Found a sacrificial altar of Ru.
 10335 | D:9      | Gained mutation: You are somewhat inexperienced. (-2 XL)
                  | [Ru sacrifice]
 10335 | D:9      | Reached XP level 9. HP: 81/81 MP: 8/8
 10335 | D:9      | Reached XP level 8. HP: 74/74 MP: 7/7
 10335 | D:9      | Reached **** piety under Ru
 10335 | D:9      | Reached ***** piety under Ru
 10389 | D:10     | Entered Level 10 of the Dungeon
 10398 | D:10     | Reached XP level 9. HP: 49/82 MP: 8/8
 10755 | D:10     | Found a staircase to the Lair.
 10756 | D:10     | Noticed a komodo dragon
 10764 | D:10     | Killed a komodo dragon
 11076 | D:10     | Noticed Erica
 11107 | D:10     | Killed Erica
 11107 | D:10     | Reached XP level 10. HP: 50/90 MP: 9/9
 11301 | D:10     | Noticed Josephine
 11313 | D:10     | Killed Josephine
 11658 | D:10     | Found a staircase to the Orcish Mines.
 12135 | D:11     | Found Xecw's Book Emporium.
 12157 | D:11     | Reached skill level 11 in Axes
 12234 | D:11     | Noticed a two-headed ogre
 12240 | D:11     | Killed a two-headed ogre
 12240 | D:11     | Reached XP level 11. HP: 56/99 MP: 10/10
 12482 | D:11     | Found Udung's Antique Armour Emporium.
 12503 | D:11     | Bought a pair of smoking boots for 275 gold pieces
 12503 | D:11     | Identified the +0 pair of boots of Complete Protection {rF-
                  | MR+ Dex+3} (You bought it in a shop on level 11 of the
                  | Dungeon)
 12655 | D:11     | Reached skill level 10 in Fighting
 12742 | D:11     | Noticed Grum
 12754 | D:11     | Killed Grum
 12815 | D:11     | Found Gasuill's Weapon Shop.
 13004 | D:11     | Found Xus Quso's Antique Weapon Shoppe.
 13149 | D:11     | Learned a level 1 spell: Apportation
 13302 | D:12     | Found a gate leading to a gauntlet.
 13311 | Gauntlet | Entered a Gauntlet
 13311 | Gauntlet | Found a transporter.
 13321 | Gauntlet | Found a transporter.
 13336 | Gauntlet | Found a transporter.
 13337 | Gauntlet | Found a transporter.
 13347 | Gauntlet | Found a transporter.
 13367 | Gauntlet | Found a transporter.
 13372 | Gauntlet | Noticed a death scarab
 13380 | Gauntlet | Found a transporter.
 13400 | Gauntlet | Found a transporter.
 13404 | Gauntlet | Found a transporter.
 13412 | Gauntlet | Found a transporter.
 13415 | Gauntlet | Noticed a catoblepas
 13428 | Gauntlet | Noticed a cacodemon
 13431 | Gauntlet | Found a transporter.
 13433 | Gauntlet | Found a transporter.
 13435 | Gauntlet | Noticed a death scarab
 13937 | Lair:1   | Entered Level 1 of the Lair of Beasts
 14195 | Lair:1   | Reached skill level 10 in Armour
 14195 | Lair:1   | Reached skill level 1 in Spellcasting
 14195 | Lair:1   | Reached skill level 1 in Translocations
 14518 | Lair:1   | Found a runed translucent door.
 14519 | Lair:1   | Noticed quinnr's ghost (journeyman DsGl)
 14519 | Lair:1   | Noticed a death yak
 14541 | Lair:1   | Reached skill level 10 in Dodging
 15200 | Lair:2   | Noticed an eight-headed hydra
 15205 | Lair:2   | Killed a ten-headed hydra
 15364 | Lair:2   | Found a staircase to the Shoals.
 15480 | Lair:2   | Reached skill level 12 in Axes
 15510 | Lair:2   | Reached XP level 12. HP: 96/108 MP: 13/13
 15530 | Lair:2   | Found a frozen archway.
 15537 | IceCv    | Entered an ice cave
 16124 | IceCv    | Noticed a frost giant
 16143 | IceCv    | Killed a frost giant
 16151 | IceCv    | Slain by a polar bear

Illustrated notes

Levels and vault maps discovered:
D:1:      elethiomel_arrival_quiet, layout_rooms
D:2:      layout_loops_ring, nicolae_ru_the_path_less_chosen, uniq_sigmund
D:3:      layout_basic, gammafunk_temple_overflow_wave, gup_sewer_entry_glass,
          fountainhead, minivault_26, chequers_serial_rivers_micro_b,
          hangedman_decor_clover_reticule
D:4:      layout_loops_cross, vehumet_crystals, kennysheep_mini,
          lemuel_coloured_pillars_altar, nicolae_overflow_crystal_walls
D:5:      layout_basic, lemuel_doored_altar, nicolae_elemental_shop,
          uniq_menkaure, uniq_edmund
D:6:      layout_rooms, trog_ov_bears_minmay, serial_shops,
          kennysheep_mini_moat, shop_fountains, nicolae_shop_crystal,
          nicolae_shop_stone
D:7:      layout_cave_pods, elyvilon_altar_5, lemuel_crystal_altar,
          minmay_temple_entry_arrows
D:8:      layout_cave_pods
D:9:      layout_roguey, nicolae_overflow_hidden_temple, old_standard_altar
D:10:     layout_roguey, david_lair_shrubbed, zombieorc1_lemuel, pond,
          uniq_erica, uniq_josephine
D:11:     layout_stronghold, serial_shops, nicolae_shop_trees, shop_fountains,
          shop, shop, uniq_grum
D:12:     layout_rooms, basic_altar, gammafunk_ghost_nasty_kobolds,
          gauntlet_entry_generic
Temple:   eino_wide_crystal_templ
Lair:1:   layout_cave_pods, ebering_ghost_inner_flame
Lair:2:   layout_small_grid, minmay_shoals_entry_centaurs,
          portal_ice_cave_entry_pillars_1, grunt_forest_stairs_basic,
          minmay_lair_oklob_items, lemuel_fruit_fields, grunt_megastairs_5,
          uniq_urug
IceCv:    ice_cave_small_giant

Skill      XL: |  1  2  3  4  5  6  7  8  9 10 11 12 |
---------------+-------------------------------------+-----
Axes           | 4 5 6 8 9 11 12 | 12.5
Fighting       | 3 5 7 9 10 11 | 11.3
Armour         | 1 2 4 8 9 10 11 | 11.0
Dodging        | 4 8 6 9 10 | 10.7
Throwing       | 3 4 7 8 |  8.0
Stealth        | 2 5 |  5.3
Spellcasting   | 1 2 |  2.9
Translocations | 2 3 |  3.1

Action                   |  1- 3 |  4- 6 |  7- 9 | 10-12 || total
-------------------------+-------+-------+-------+-------++-------
Melee: War axe           |    61 |   130 |   114 |       ||   305
       Headbutt          |     9 |    20 |    74 |   149 ||   252
       Battleaxe         |       |       |   189 |   475 ||   664
Invok: Sacrifice Drink   |       |       |     1 |       ||     1
       Sacrifice Experie |       |       |     1 |       ||     1
       Apocalypse        |       |       |     1 |       ||     1
       Sacrifice Love    |       |       |     1 |       ||     1
Evoke: Wand              |       |       |       |     2 ||     2
  Use: Scroll            |       |     8 |     8 |     9 ||    25
       Potion            |       |       |     8 |     3 ||    11
 Stab: Sleeping          |       |       |     6 |       ||     6
       Invisible         |       |       |       |     1 ||     1
Armor: Leather armour    |    19 |    44 |    29 |       ||    92
       Chain mail        |       |       |    36 |   227 ||   263
       Plate armour      |       |       |    68 |    23 ||    91
Dodge: Dodged            |    39 |   112 |   193 |   426 ||   770

Table legend: (Time is in decaauts)
 A = Elapsed time spent in this place.
 B = Non-inter-level travel time spent in this place.
 C = Inter-level travel time spent in this place.
 D = Time resting spent in this place.
 E = Time spent auto-exploring this place.
 F = Levels seen in this place.
 G = Mean time per level.
                   A        B        C        D        E       F      G
               +--------+--------+--------+--------+--------+-----+--------+
         Total |  16404 |  15971 |    433 |   5181 |   7637 |  18 |  911.3 |
       Dungeon |  13169 |  12773 |    396 |   4231 |   6179 |  12 | 1097.4 |
        Temple |     56 |     43 |     13 |      0 |     41 |   1 |   56.0 |
          Lair |   1608 |   1584 |     24 |    363 |    901 |   2 |  804.0 |
         Sewer |    741 |    741 |      0 |    348 |    190 |   1 |  741.0 |
      Ice Cave |    621 |    621 |      0 |    239 |    171 |   1 |  621.0 |
      Gauntlet |    206 |    206 |      0 |      0 |    155 |   1 |  206.0 |
               +--------+--------+--------+--------+--------+-----+--------+

Top non-repeatable levels by time:
    D:10: 1574 daAuts
     D:5: 1551 daAuts
    D:11: 1529 daAuts
     D:7: 1424 daAuts
     D:4: 1321 daAuts
  Lair:1: 1268 daAuts
     D:2: 1084 daAuts
     D:3: 1006 daAuts
     D:9: 962 daAuts
     D:8: 941 daAuts
     D:6: 909 daAuts
     D:1: 835 daAuts
   Sewer: 741 daAuts
   IceCv: 621 daAuts
  Lair:2: 339 daAuts
